 Dungeon Crawl Stone Soup version 0.19.1-1-g22dce08 (webtiles) character file.

3754 theAP the Basher (level 9, 0/75 HPs)
             Began as a Demonspawn Chaos Knight on Jan 1, 2017.
             Slain by a small abomination (11 damage)
             ... summoned by the capriciousness of Xom
             ... on level 9 of the Dungeon.
             The game lasted 00:49:53 (9128 turns).

theAP the Basher (Demonspawn Chaos Knight)          Turns: 9128, Time: 00:49:54

Health: 0/75       AC: 22    Str: 14 (15) XL:     9   Next: 93%
Magic:  18/18      EV:  5    Int: 10 (12) God:    Xom [...*..]
Gold:   347        SH:  2    Dex: 12 (13) Spells: 0 memorised, 8 levels left

rFire  . . .     SeeInvis +     e - +3 flail (protect)
rCold  + . .     Gourm    .     l - +3 plate armour
rNeg   . . .     Faith    .     (no shield)
rPois  .         Spirit   .     (helmet restricted)
rElec  .         Reflect  +     (no cloak)
rCorr  .         Harm     .     (gloves unavailable)
MR     .....                    (no boots)
Stlth  ..........               q - +2 amulet of reflection
                                t - ring of see invisible
                                o - ring of magical power

@: protection aura, hasted, very quick
A: antennae 1, claws 3, talons 1, yellow scales 1, blurry vision 1, cold
resistance 1, demonic guardian 1, deterioration 1, dopey 1, regeneration 1,
freezing cloud immunity, subdued magic 1
a: Renounce Religion


You were on level 9 of the Dungeon.
You worshipped Xom.
You were a favourite toy of Xom.
You were not hungry.

You visited 1 branch of the dungeon, and saw 10 of its levels.

You collected 542 gold pieces.
You spent 195 gold pieces at shops.

Inventory:

Hand Weapons
 a - a +1 mace of chaos
 e - a +3 flail of protection (weapon)
Armour
 h - a +2 scale mail of cold resistance
 l - a +3 plate armour (worn)
 w - +0 ice dragon scales
Magical Staves
 r - an uncursed staff of cold {unknown}
 y - an uncursed staff of power {unknown}
Jewellery
 o - a ring of magical power (left claw)
 q - a +2 amulet of reflection (around neck)
 t - a ring of see invisible (right claw)
Wands
 s - a wand of polymorph (10/24)
 x - a wand of polymorph (10/24)
Scrolls
 i - a scroll of fear
 j - a scroll of teleportation
 m - 3 scrolls of recharging
 n - 3 scrolls of amnesia
 v - 2 scrolls of identify
 B - a scroll of blinking
Potions
 b - a potion of cure mutation
 f - a potion of cancellation
 k - 2 potions of brilliance
 z - 2 potions of lignification
 D - a potion of mutation {unknown}
Books
 p - a book of Flames

   Spells                             Type                      Level
   a - Flame Tongue                   Conjuration/Fire             1
   b - Throw Flame                    Conjuration/Fire             2
   c - Conjure Flame                  Conjuration/Fire             3
   d - Inner Flame                    Hexes/Fire                   3
   e - Sticky Flame                   Conjuration/Fire             4
   f - Fireball                       Conjuration/Fire             5
 u - a book of Maledictions

   Spells                             Type                      Level
   a - Corona                         Hexes                        1
   b - Ensorcelled Hibernation        Hexes/Ice                    2
   c - Confuse                        Hexes                        3
   d - Tukima's Dance                 Hexes                        3
   e - Dazzling Spray                 Conjuration/Hexes            3
Comestibles
 c - 8 bread rations
 d - 3 fruits
 g - 2 meat rations
 C - 2 chunks of flesh


   Skills:
 + Level 8.5 Fighting
 - Level 10.0 Maces & Flails
 - Level 1.7 Armour
 * Level 4.0 Dodging
 + Level 3.3 Stealth


You had 8 spell levels left.
You didn't know any spells.

Dungeon Overview and Level Annotations

Branches:
Dungeon (10/15)            Temple (0/1) D:6            Lair (0/6) D:8
    Orc: D:9-12

Altars:
Fedhas
Nemelex Xobeh
Qazlal
Trog
Vehumet
Xom
Yredelemnul
The Shining One

Shops:
D:4 !   D:9 *


Innate Abilities, Weirdness & Mutations

You have claws for hands.
You are partially covered in yellow scales. (AC +2)
Your flesh is cold resistant. (rC+)
A weak demonic guardian rushes to your aid.
You are immune to freezing clouds.
You have a pair of small antennae on your head.
You have sharp toenails.
Scrolls take you a little longer to read.
Your body sometimes deteriorates upon taking damage.
You are dopey. (Int -2)
Your natural rate of healing is unusually fast.
Your spells are a little easier to cast, but a little less powerful.


Message History

Your ufetubus hits the small abomination but does no damage.
Your ufetubus barely misses the small abomination.
The small abomination hits you but does no damage.
You thump the small abomination! Your kick misses the small abomination.
The small abomination is almost destroyed.
The small abomination barely misses you.
Your ufetubus misses the small abomination.
Your ufetubus hits the small abomination.
The small abomination hits you.
Your white imp closely misses the small abomination.
The small abomination hits you!
Your body deteriorates!
You feel weakened. The small abomination hits you!
* * * LOW HITPOINT WARNING * * *
You feel yourself speed up.
Your ufetubus barely misses the small abomination.
Your ufetubus hits the small abomination but does no damage.
The small abomination hits you!
You die... "Huh?
Did I miss anything?"

#...# #..# #..# #..# # #...# #..#
#..# #..# # #...# #..# #..# #..#
# #...# #..# #..# #..# # #...#
#..# #..# #..# # #...# #..# #..#
#..# # #...# #..# #..# #..# #
#...# #..# #x5# #..# # #...# #..#
#@x# #..# # ###...#####..#
#x5######..#######
.............###.................
.................)............<..
#################################


You could see 3 small abominations, a friendly white imp and a friendly
ufetubus.

Vanquished Creatures
  A hornet (D:9)
  A spriggan (D:8)
  2 yaks (D:9)
  Menkaure (D:6)
  Edmund (D:4)
  3 ice beasts
  2 orc warriors
  A sky beast (D:5)
  A necrophage (D:5)
  2 phantoms
  3 ogres
  3 bullfrogs
  3 scorpions
  2 howler monkeys
  4 crimson imps
  3 bullfrog zombies
  A jelly (D:6)
  2 bullfrog skeletons
  2 orc priests
  9 hounds
  3 iguanas
  3 orc wizards
  3 worker ants
  A hound zombie (D:8)
  A worker ant zombie (D:5)
  12 adders
  8 gnolls
  2 shadow imps
  An adder skeleton (D:6)
  A worm (D:2)
  2 dart slugs
  15 orcs
  2 giant cockroaches
  8 goblins
  9 hobgoblins
  11 jackals
  4 quokkas
  10 bats
  5 frilled lizards
  A jackal skeleton (D:8)
  10 kobolds
  2 leopard gecko skeletons (D:5)
  3 rats
  2 fungi (D:7)
166 creatures vanquished.

Vanquished Creatures (collateral kills)
  2 yaks (D:9)
  An ogre (D:9)
  A scorpion (D:4)
  An orc wizard (D:5)
  A hound (D:4)
  7 orcs
  3 giant cockroaches (D:5)
  A jackal (D:5)
17 creatures vanquished.

Vanquished Creatures (others)
  A fungus (D:7)
1 creature vanquished.

Grand Total: 184 creatures vanquished

Notes
Turn   | Place    | Note
-------+----------+-------------------------------------------
     0 | D:1      | theAP the Demonspawn Chaos Knight began the quest for the Orb.
     0 | D:1      | Reached XP level 1. HP: 18/18 MP: 1/1
     0 | D:1      | XOM: divination: detect items
    97 | D:1      | Reached skill level 3 in Maces & Flails
   102 | D:1      | Gained mutation: A weak demonic guardian rushes to your aid. [demonic ancestry]
   102 | D:1      | Reached XP level 2. HP: 21/24 MP: 2/2
   470 | D:1      | XOM: noise
   735 | D:1      | XOM: harmless Erth miscast
   860 | D:1      | XOM: harmless Pois miscast
   954 | D:2      | Reached XP level 3. HP: 7/29 MP: 3/3
  1447 | D:2      | XOM: blink monster(s)
  1451 | D:2      | Gained mutation: Your flesh is cold resistant. (rC+) [demonic ancestry]
  1451 | D:2      | Reached XP level 4. HP: 20/37 MP: 4/4
  1608 | D:3      | XOM: noise
  1674 | D:3      | Reached skill level 4 in Maces & Flails
  2182 | D:3      | XOM: polymorph orc -> gnoll
  2191 | D:3      | Gained mutation: You have sharp fingernails. [demonic ancestry]
  2191 | D:3      | Reached XP level 5. HP: 42/42 MP: 5/5
  2422 | D:3      | Found a glowing golden altar of the Shining One.
  2422 | D:3      | Found a basalt altar of Yredelemnul.
  2426 | D:3      | Noticed a profane servitor
  2456 | D:3      | Noticed an angel
  2585 | D:3      | XOM: cleaving
  2586 | D:3      | XOM: polymorph orc wizard -> adder
  2891 | D:4      | Reached skill level 5 in Maces & Flails
  2927 | D:4      | XOM: cast spell 'Confusing Touch'
  2946 | D:4      | Gained mutation: You are immune to freezing clouds. [demonic ancestry]
  2946 | D:4      | Reached XP level 6. HP: 37/49 MP: 6/6
  2984 | D:4      | XOM: harmless Erth miscast
  3085 | D:4      | Found Yptuyzyg's Distillery.
  3135 | D:4      | XOM: cast spell 'Cause Fear'
  3171 | D:4      | Reached skill level 1 in Stealth
  3197 | D:4      | HP: 2/49 [iguana (1)]
  3362 | D:4      | XOM: harmless Divn miscast
  3383 | D:4      | Found a shimmering altar of Xom.
  3535 | D:4      | XOM: cast spell 'Summon Ice Beast'
  3563 | D:4      | Reached skill level 6 in Maces & Flails
  3690 | D:4      | Gained mutation: You have very sharp fingernails. [demonic ancestry]
  3690 | D:4      | Reached XP level 7. HP: 22/55 MP: 7/7
  3754 | D:4      | Noticed Edmund
  3780 | D:4      | Killed Edmund
  3780 | D:4      | Reached skill level 5 in Fighting
  4250 | D:5      | XOM: noise
  4250 | D:5      | Entered Level 5 of the Dungeon
  4490 | D:5      | XOM: harmless Necr miscast
  4496 | D:5      | Reached skill level 7 in Maces & Flails
  4564 | D:5      | XOM: enchant monster (bad)
  4604 | D:5      | XOM: enchant monster (good)
  4670 | D:5      | XOM: mild Divn miscast
  4677 | D:5      | XOM: swap monsters
  4683 | D:5      | Gained mutation: You are partially covered in yellow scales. (AC +2) [demonic ancestry]
  4683 | D:5      | Reached XP level 8. HP: 11/63 MP: 8/8
  4822 | D:5      | Reached skill level 8 in Maces & Flails
  4891 | D:5      | XOM: mild Necr miscast
  4952 | D:5      | XOM: give mutations
  4952 | D:5      | Gained mutation: You occasionally shout uncontrollably at your foes. [Xom's mischief]
  4952 | D:5      | Gained mutation: Your natural rate of healing is unusually fast. [Xom's mischief]
  5073 | D:5      | XOM: noise
  5378 | D:5      | XOM: give mutations
  5378 | D:5      | Gained mutation: You are robust. (+10% HP) [Xom's mischief]
  5378 | D:5      | Gained mutation: Your body sometimes deteriorates upon taking damage. [Xom's mischief]
  5444 | D:5      | XOM: give mutations
  5444 | D:5      | Gained mutation: You have sharp toenails. [Xom's grace]
  5444 | D:5      | Gained mutation: You have a pair of small antennae on your head. [Xom's grace]
  5622 | D:6      | XOM: potion effect (haste)
  5654 | D:6      | Reached skill level 9 in Maces & Flails
  5738 | D:6      | Found a staircase to the Ecumenical Temple.
  5862 | D:6      | Found a blossoming altar of Fedhas.
  5889 | D:6      | Gained mutation: You have claws for hands. [demonic ancestry]
  5889 | D:6      | Reached XP level 9. HP: 76/78 MP: 9/9
  6045 | D:6      | Found a radiant altar of Vehumet.
  6049 | D:6      | Noticed Menkaure
  6070 | D:6      | Killed Menkaure
  6135 | D:6      | XOM: divination: detect creatures
  6384 | D:6      | XOM: divination: detect creatures
  6426 | D:6      | XOM: divination: detect creatures
  6540 | D:7      | Found a blossoming altar of Fedhas.
  6654 | D:7      | Found a sparkling altar of Nemelex Xobeh.
  6848 | D:7      | Found a bloodstained altar of Trog.
  7166 | D:7      | XOM: silly message
  7181 | D:7      | Reached skill level 10 in Maces & Flails
  7335 | D:8      | Found a staircase to the Lair.
  7352 | D:8      | Reached skill level 1 in Dodging
  7422 | D:8      | XOM: noise
  7600 | D:8      | XOM: give mutations
  7600 | D:8      | Gained mutation: Your spells are a little easier to cast, but a little less powerful. [Xom's mischief]
  7600 | D:8      | Gained mutation: You are dopey. (Int -2) [Xom's mischief]
  7600 | D:8      | Lost mutation: You are robust. (+10% HP) [Xom's mischief]
  7600 | D:8      | Lost mutation: Your body sometimes deteriorates upon taking damage. [Xom's mischief]
  7660 | D:8      | Found a stormy altar of Qazlal.
  7842 | D:8      | XOM: harmless Erth miscast
  7857 | D:8      | XOM: give mutations
  7857 | D:8      | Lost mutation: You occasionally shout uncontrollably at your foes. [Xom's mischief]
  7857 | D:8      | Gained mutation: Your body sometimes deteriorates upon taking damage. [Xom's mischief]
  7857 | D:8      | Gained mutation: Scrolls take you a little longer to read. [Xom's mischief]
  7944 | D:9      | XOM: blink monster(s)
  7967 | D:9      | XOM: god gift: 15 stones
  8075 | D:9      | XOM is BORED!
  8075 | D:9      | XOM: 6-stop teleportation journey
  8124 | D:9      | XOM: polymorph orc wizard -> worker ant
  8131 | D:9      | XOM: noise
  8132 | D:9      | XOM: summons friendly quasit
  8413 | D:9      | XOM: cast spell 'Ice Form'
  8860 | D:9      | Found Licoinag's Assorted Antiques.
  8865 | D:9      | XOM: fog
  8874 | D:9      | Bought a scroll of enchant weapon for 195 gold pieces
  9041 | D:9      | XOM: divination: detect creatures
  9051 | D:10     | Entered Level 10 of the Dungeon
  9051 | D:10     | Noticed a gargoyle
  9120 | D:9      | XOM is BORED!
  9120 | D:9      | XOM: medium Summ miscast
  9128 | D:9      | Slain by a small abomination

Skill      XL: |  1  2  3  4  5  6  7  8  9 |
---------------+----------------------------+-----
Maces & Flails | 3 4 5 6 7 9 10 | 10.0
Fighting       | 4 5 6 8 |  8.5
Stealth        | 1 2 3 |  3.3
Dodging        | 4 |  4.0
Armour         | |  1.7

Action                   |  1- 3 |  4- 6 |  7- 9 || total
-------------------------+-------+-------+-------++-------
Melee: Mace              |   117 |   306 |    14 ||   437
       Flail             |       |       |   489 ||   489
       Kick              |       |       |    78 ||    78
  Use: Potion            |       |     6 |     7 ||    13
       Scroll            |       |     5 |    14 ||    19
 Stab: Paralysed         |       |       |     3 ||     3
       Distracted        |       |       |     3 ||     3
  Eat: Chunk             |     2 |     7 |    14 ||    23
       Beef jerky        |       |       |     2 ||     2
       Pizza             |       |       |     1 ||     1
Armor: Leather armour    |    70 |    99 |       ||   169
       Plate armour      |       |   111 |   321 ||   432
       Skin              |       |       |    24 ||    24
Dodge: Dodged            |    84 |   155 |    87 ||   326
Block: Other             |       |       |    26 ||    26
